 Dungeon Crawl Stone Soup version 0.27.1-34-g3ba077fa99 (webtiles) character file.

Game seed: 3310530234054451317

60 pkoi the Insei (level 3, 0/31 HPs)
             Began as a Draconian Monk on Jan 11, 2022.
             Slain by an adder (3 damage)
             ... on level 2 of the Dungeon.
             The game lasted 00:01:26 (1549 turns).

pkoi the Insei (Draconian Monk)                     Turns: 1549, Time: 00:01:26

Health: 0/31       AC:  6    Str: 13    XL:     3   Next: 82%
Magic:  3/3        EV: 12    Int: 11    God:
Gold:   89         SH:  0    Dex: 13    Spells: 2/2 levels left

rFire    . . .     SeeInvis .     - Unarmed
rCold    . . .     Faith    .   (no shield)
rNeg     . . .     Spirit   .   (armour unavailable)
rPois    .         Reflect  .   (helmet restricted)
rElec    .         Harm     .   (no cloak)
rCorr    .         Rampage  .   a - +0 pair of gloves
Will     .....                  (no boots)
Stlth    ++........             (no amulet)
HPRegen  0.10/turn              d - ring of flight
MPRegen  0.08/turn              (no ring)

@: flying, slowed, very slow
A: AC +5, unfitting armour, cold-blooded
a: no special abilities


You were on level 2 of the Dungeon.
You visited 1 branch of the dungeon, and saw 2 of its levels.

You collected 89 gold pieces.

Inventory:

Hand Weapons
 g - a +0 whip
Armour
 a - a +0 pair of gloves (worn)
Jewellery
 d - a ring of flight (left hand)
Scrolls
 b - 6 scrolls of identify {unknown}
 i - a scroll of brand weapon {unknown}
Potions
 e - a potion of heal wounds


   Skills:
 - Level 3.2 Fighting
 - Level 2.6 Dodging
 - Level 1.7 Stealth
 + Level 4.8 Unarmed Combat


You had 2 spell levels left.
You didn't know any spells.
Your spell library was empty.

Dungeon Overview and Level Annotations

Branches:
Dungeon (2/15)

Altars:
Elyvilon

Annotations:
D:2 Natasha


Innate Abilities, Weirdness & Mutations

Your plain brown scales are hard. (AC +5)
You cannot fit into any form of body armour.
You are cold-blooded and may be slowed by cold attacks.


Message History

You feel sick.
You are no longer poisoned.
The adder bites you but does no damage.
Natasha drinks a potion.
Natasha suddenly seems more resistant.
The adder closely misses you.
Unknown command.
You barely miss the adder.
The adder is almost dead.
The adder bites you.
* * * LOW HITPOINT WARNING * * *
Natasha mewls in sadness.
Natasha mumbles some strange words.
The endoplasm jiggles.
The adder bites you but does no damage. Natasha claws you.
* * * LOW HITPOINT WARNING * * *
You miss the adder.
The adder is almost dead.
The adder misses you. Natasha claws you.
* * * LOW HITPOINT WARNING * * *
Unknown command.
You barely miss the adder.
Your tail-slap misses the adder.
The adder is almost dead.
The adder barely misses you. Natasha closely misses you.
The adder completely misses you.
You closely miss the adder.
The adder is almost dead.
The adder bites you.
* * * LOW HITPOINT WARNING * * *
Natasha claws you but does no damage. The adder barely misses you.
Natasha closely misses you.
Unknown command.
It was a potion of curing.
You feel better. The adder completely misses you. Natasha claws you.
* * * LOW HITPOINT WARNING * * *
The adder bites you but does no damage.
It was a potion of flight.
You feel more buoyant. The adder completely misses you. Natasha claws you.
* * * LOW HITPOINT WARNING * * *
The adder bites you.
You die...

.# #....# #.#
#.....# #.#
......$## # #
........# #
........# #
........# .#
......5J# ##
#S#### . #@h..#
####.# #.# ##.##
#...# #.#.# #...#
##########.##
........##.#######


You could see Natasha (resistant), an adder, a white imp (summoned) and an
endoplasm.

Vanquished Creatures
  Natasha (D:2)
  A worm (D:2)
  A dart slug (D:2)
  3 ball pythons
  3 bats (D:2)
  5 endoplasms
  2 giant cockroaches
  4 goblins
  3 hobgoblins
  3 kobolds (D:1)
  2 rats
28 creatures vanquished.

Notes
Turn   | Place    | Note
-------+----------+-------------------------------------------
     0 | D:1      | pkoi the Draconian Monk began the quest for the Orb.
     0 | D:1      | Reached XP level 1. HP: 19/19 MP: 1/1
   575 | D:1      | Reached XP level 2. HP: 25/26 MP: 2/2
   876 | D:2      | Reached skill level 4 in Unarmed Combat
  1096 | D:2      | Found a faded altar of an unknown god.
  1139 | D:2      | Reached XP level 3. HP: 31/31 MP: 3/3
  1431 | D:2      | Found a white marble altar of Elyvilon.
  1518 | D:2      | Noticed Natasha
  1529 | D:2      | Killed Natasha
  1536 | D:2      | Noticed Natasha
  1549 | D:2      | Slain by an adder

Illustrated notes

Levels and vault maps discovered:
D:1:      amcnicky_arrival_feature_with_door, layout_loops_cross,
          chequers_serial_rivers_marsh
D:2:      layout_loops_ring, basic_altar,
          shapermc_ecumenical_altar_starsandcircs, uniq_natasha

Skill      XL: |  1  2 |
---------------+-------+-----
Unarmed Combat | 4 |  4.8
Fighting       | |  3.2
Dodging        | |  2.6
Stealth        | |  1.7

Action                   || total
-------------------------++-------
Melee: Unarmed           ||    99
       Tailslap          ||    17
  Use: Potion            ||     4
 Stab: Sleeping          ||     2
       Distracted        ||     1
Armor: Skin              ||    33
Dodge: Dodged            ||    73
